 Dungeon Crawl Stone Soup version 0.31-a0-180-g519b7de00c (webtiles) character file.

Game seed: 1392610983824494329

146 Maxmaps the Shooter (level 5, 0/37 HPs)
             Began as a Demonspawn Hexslinger on June 19, 2023.
             Slain by a gnoll
             ... wielding a +0 spear
              (2 damage)
             ... on level 3 of the Dungeon.
             The game lasted 00:03:11 (1976 turns).

Maxmaps the Shooter (Demonspawn Hexslinger)         Turns: 1976, Time: 00:03:13

Health: 0/37       AC:  3    Str:  8    XL:     5   Next: 7%
Magic:  6/6        EV: 11    Int: 17    God:
Gold:   74         SH:  0    Dex: 15    Spells: 4/6 levels left

rFire   . . .        a - +1 sling
rCold   . . .        (no shield)
rNeg    . . .        l - +0 leather armour
rPois   .            (helmet restricted)
rElec   .            (no cloak)
rCorr   .            (no gloves)
SInv    .            (no boots)
Will    .....        (no amulet)
Stlth   +            (no ring)
HPRegen 0.26/turn    (no ring)
MPRegen 0.10/turn

%: no passive effects
@: no status effects
A: hooves 1, horns 1, foul stench 1
a: no special abilities


You were on level 3 of the Dungeon.
You visited 1 branch of the dungeon, and saw 3 of its levels.

You collected 74 gold pieces.

Inventory:

Hand Weapons
 a - a +1 sling (weapon)
Missiles
 k - a throwing net
Armour
 c - a +0 robe
 l - a +0 leather armour (worn)
Jewellery
 m - an amulet of regeneration
Scrolls
 b - a scroll of poison
 d - 2 scrolls of immolation {unknown}
 e - 2 scrolls of teleportation {unknown}
 h - a scroll of identify {unknown}
 j - a scroll of amnesia {unknown}
 n - a scroll of revelation {unknown}
 o - a scroll of vulnerability {unknown}
 p - 2 scrolls of noise {unknown}
Potions
 f - a potion of brilliance {unknown}
 g - a potion of haste {unknown}
 i - a potion of cancellation {unknown}


   Skills:
 - Level 1.0 Fighting
 - Level 4.0 Ranged Weapons
 - Level 1.7 Dodging
 - Level 1.0 Spellcasting
 - Level 3.0 Hexes
 + Level 2.6 Summonings


You had 4 spell levels left.
You knew the following spells:

 Your Spells              Type           Power      Damage    Failure   Level
a - Slow                  Hex            44%        N/A       9%          1
b - Summon Small Mammal   Summ           36%        N/A       11%         1

Your spell library contained the following spells:

 Spells                   Type           Power      Damage    Failure   Level
 Summon Guardian Golem    Hex/Summ       10%        N/A       28%         3
 Magic Dart               Conj           0%         1d3       30%         1
 Call Canine Familiar     Summ           9%         N/A       30%         3
 Searing Ray              Conj           0%         2d4       43%         2
 Inner Flame              Hex/Fire       5%         N/A       45%         3
 Portal Projectile        Hex/Tloc       10%        N/A       45%         3
 Cause Fear               Hex            5%         N/A       65%         4
 Fulminant Prism          Conj/Hex       2%         3d5       86%         4


Dungeon Overview and Level Annotations

Branches:
Dungeon (3/15)

Altars:


Innate Abilities, Weirdness & Mutations

You have large cloven feet.
You have a pair of small horns on your head.
You may rarely emit foul miasma when damaged in melee.


Message History

A gnoll comes into view. It is wielding a +0 club.
Unknown command.
Fire: a) +1 sling
Press: ? - help, Shift-Dir - straight line, f/p - orc
Aim: an orc, wielding a +0 club (severely wounded, 59% to hit)
You shoot a sling bullet. The sling bullet hits the orc!
You kill the orc!
Unknown command.
Fire: a) +1 sling
Press: ? - help, Shift-Dir - straight line, f - gnoll
Aim: a gnoll, wielding a +0 spear (63% to hit)
You shoot a sling bullet.
The sling bullet hits the gnoll but does no damage.
The gnoll closely misses you.
The gnoll hits you from afar with a +0 spear.
Fire: a) +1 sling
Press: ? - help, Shift-Dir - straight line, f/p - gnoll
Aim: a gnoll, wielding a +0 spear (63% to hit)
You shoot a sling bullet. The sling bullet hits the gnoll.
The gnoll is moderately wounded.
The gnoll closely misses you. x2
The gnoll hits you from afar with a +0 spear!
* * * LOW HITPOINT WARNING * * *
The gnoll barely misses you.
Fire: a) +1 sling
Press: ? - help, Shift-Dir - straight line, f/p - gnoll
Aim: a gnoll, wielding a +0 spear (moderately wounded, 63% to hit)
You shoot a sling bullet.
The sling bullet closely misses the gnoll.
The gnoll closely misses you.
A giant cockroach comes into view.
The gnoll hits you from afar with a +0 spear.
* * * LOW HITPOINT WARNING * * *
Fire: a) +1 sling
Press: ? - help, Shift-Dir - straight line, f/p - gnoll
Aim: a gnoll, wielding a +0 spear (moderately wounded, 63% to hit)
You shoot a sling bullet. The sling bullet hits the gnoll.
The gnoll is heavily wounded.
The gnoll hits you from afar with a +0 spear.
You die...

........ #..###...# .
..... .......... ..
#..## #......... ...
#..#### #.......##
....###....# #.........
.......g##.####.######..
##....gg##...# #..
...####)##...# #.. ##
#@##...# ######..
#.##...+ #.......
###.#....# #####..
..........## ######..
..#.####...# #....... #.
#.#.###......# #.
#.#........... ..
#.#...........
#.#...........


You could see 3 gnolls.

Vanquished Creatures
  Jessica (D:2)
  6 adders
  3 worms
  A dart slug (D:2)
  An orc (D:3)
  6 ball pythons
  5 endoplasms
  6 goblins
  5 hobgoblins (D:1)
  2 jackals (D:1)
  7 kobolds
  3 quokkas
  5 bats
  3 frilled lizards
  2 rats
56 creatures vanquished.

Vanquished Creatures (collateral kills)
  An endoplasm (D:3)
1 creature vanquished.

Grand Total: 57 creatures vanquished

Notes
Turn   | Place    | Note
-------+----------+-------------------------------------------
     0 | D:1      | Maxmaps the Demonspawn Hexslinger began the quest for the
                  | Orb.
     0 | D:1      | Reached XP level 1. HP: 15/15 MP: 2/2
    13 | D:1      | Reached skill level 2 in Ranged Weapons
    79 | D:1      | Gained mutation: You may rarely emit foul miasma when
                  | damaged in melee. [demonic ancestry]
    79 | D:1      | Reached XP level 2. HP: 21/21 MP: 3/3
   257 | D:1      | Reached skill level 3 in Ranged Weapons
   461 | D:1      | Reached XP level 3. HP: 26/26 MP: 4/4
   871 | D:2      | Learned a level 1 spell: Summon Small Mammal
  1063 | D:2      | Discovered your monstrous ancestry.
  1063 | D:2      | Gained mutation: You have a pair of small horns on your
                  | head. [demonic ancestry]
  1063 | D:2      | Reached XP level 4. HP: 32/32 MP: 5/5
  1115 | D:2      | Reached skill level 4 in Ranged Weapons
  1424 | D:2      | Noticed Jessica
  1430 | D:2      | Killed Jessica
  1431 | D:2      | Reached skill level 1 in Summonings
  1959 | D:3      | Gained mutation: You have large cloven feet. [demonic
                  | ancestry]
  1959 | D:3      | Reached XP level 5. HP: 29/37 MP: 6/6
  1975 | D:3      | HP: 1/37 [gnoll/+0 spear (3)]
  1976 | D:3      | Slain by a gnoll

Illustrated notes

Levels and vault maps discovered:
D:1:      roderic_crop_circles_arrival_small, layout_loops_ring
D:2:      layout_basic, serial_glass, glass_columns_c, glass_columns_a,
          glass_columns_b, glass_columns_a, glass_columns_a, glass_columns_a,
          glass_columns_c, glass_columns_c, glass_columns_b, glass_columns_b,
          glass_columns_a, glass_columns_a, glass_columns_c, glass_columns_a,
          item_on_display_a, chequers_jeans, minmay_tree_intersection,
          uniq_jessica
D:3:      layout_basic, mainiacjoe_overflow_alcove_2,
          nicolae_overflow_crystal_walls

Skill      XL: |  1  2  3  4 |
---------------+-------------+-----
Ranged Weapons | 2 3 4 |  4.0
Summonings     | 2 |  2.6
Fighting       | |  1.0
Dodging        | |  1.7
Spellcasting   | |  1.0
Hexes          | |  3.0

Action                     |  1- 3 |  4- 6 || total
---------------------------+-------+-------++-------
   Fire: Sling             |   127 |    85 ||   212
   Cast: Summon Small Mamm |       |     3 ||     3
         Slow              |       |     1 ||     1
 Armour: Robe              |     7 |       ||     7
         Leather armour    |       |    11 ||    11
  Dodge: Dodged            |    24 |    39 ||    63

Table legend: (Time is in decaauts)
 A = Elapsed time spent in this place.
 B = Non-inter-level travel time spent in this place.
 C = Inter-level travel time spent in this place.
 D = Time resting spent in this place.
 E = Time spent auto-exploring this place.
 F = Levels seen in this place.
 G = Mean time per level.
                   A        B        C        D        E       F      G
               +--------+--------+--------+--------+--------+-----+--------+
         Total |   2027 |   1935 |     92 |     74 |   1478 |   3 |  675.7 |
       Dungeon |   2027 |   1935 |     92 |     74 |   1478 |   3 |  675.7 |
               +--------+--------+--------+--------+--------+-----+--------+

Top non-repeatable levels by time:
     D:2: 1036 daAuts
     D:1: 739 daAuts
     D:3: 252 daAuts
